AoeStats
← Sparten gio

Arabia

503272216Analyzed
2v2 RM · 1mo ago on Aug 30, 2026· 46m 53s· 4 players
Game mode
Random Map
Map size
Medium (4 player)
Population
200
Speed
Normal
Resources
Standard
Victory
Conquest
Starting age
Dark Age
Ending age
Imperial Age
RankedLock teamsTeams togetherTeam positionsShared explorationLock speedFull tech treeHidden civsTurbo modeCheats
Victory
Defeat
🇺🇸 Tatars · United States
874
+14
🇨🇴 Burgundians · Colombia
817
+17
🇬🇧 Mongols · United Kingdom
900
-19
🇬🇧 Franks · United Kingdom
780
-13
RedLion
6:09 Loom
9:06 Feudal Age
12:07 Fletching
24:14 Wheelbarrow
24:11 Horse Collar
27:28 Castle Age
25:45 Gold Mining
26:48 Town Watch
28:14 Bloodlines
28:21 Double-Bit Axe
28:56 Bodkin Arrow
29:26 Hand Cart
33:11 Scale Barding Armor
34:37 Husbandry
35:37 Chain Barding Armor
38:03 Gold Shaft Mining
46:13 Murder Holes
goncalo.machado
9:38 Loom
11:24 Feudal Age
9:42 Loom
11:24 Loom
15:42 Double-Bit Axe
21:43 Wheelbarrow
29:49 Castle Age
28:08 Gold Mining
31:51 Pikeman
40:34 Bow Saw
45:17 Imperial Age
44:22 Forging
DAIVASO
6:17 Loom
9:48 Feudal Age
9:53 Double-Bit Axe
13:01 Horse Collar
24:58 Castle Age
24:53 Wheelbarrow
24:33 Bow Saw
24:25 Heavy Plow
24:18 Gold Mining
24:20 Stone Mining
25:25 Scale Barding Armor
25:31 Forging
25:14 Cavalier
25:55 Husbandry
31:24 Hand Cart
33:19 Chain Barding Armor
33:35 Iron Casting
38:34 Town Watch
39:56 Town Patrol
Sparten gio
11:10 Feudal Age
10:55 Loom
12:42 Double-Bit Axe
15:13 Forging
32:51 Castle Age
32:23 Bloodlines
32:19 Horse Collar
32:50 Scale Barding Armor
36:54 Fletching
41:31 Bow Saw
45:29 Silk Armor
45:58 Heavy Plow
46:16 Town Watch
47:09 Wheelbarrow
Connection lost

Rejoining the realm…

Still unreachable

The connection could not be restored.

Session expired

The server has moved on; the page needs a fresh start.